 Dungeon Crawl Stone Soup version 0.29-a0-887-gcbe080d7e0 (webtiles) character file.

Game seed: 4921847682393760447

191 nicolae the Changer (level 5, -1/25 HPs)
             Began as a Spriggan Transmuter on July 22, 2022.
             Was an Initiate of Gozag.
             Slain by a gnoll
             ... wielding a +0 flail
              (12 damage)
             ... on level 4 of the Dungeon.
             The game lasted 00:08:25 (5373 turns).

nicolae the Changer (Spriggan Transmuter)           Turns: 5373, Time: 00:08:26

Health: -1/25      AC:  2    Str:  9    XL:     5   Next: 41%
Magic:  9/10       EV: 21    Int: 22    God:    Gozag
Gold:   140        SH:  0    Dex: 16    Spells: 3/9 levels left

rFire   + . .      SeeInvis +     - Unarmed
rCold   . . .      Faith    .   (no shield)
rNeg    . . .      Spirit   .   a - +0 robe
rPois   .          Reflect  .   (helmet currently unavailable)
rElec   .          Harm     .   (no cloak)
rCorr   .          Rampage  .   (gloves unavailable)
Will    +....                   (boots unavailable)
Stlth   +.........              (no amulet)
HPRegen 0.08/turn               j - ring "Bih Sum" {*Corrode rF+ Will+ EV+4 Str+3}
MPRegen 0.12/turn               q - +6 ring of intelligence

@: appendages (expiring), very slightly contaminated, very quick
A: horns 2, talons 2, very small, no large weapons, unfitting armour, see
invisible, speed 3
a: End Transformation, Renounce Religion, Potion Petition, Call Merchant, Bribe
Branch


You were on level 4 of the Dungeon.
You worshipped Gozag.
Gozag was aware of your devotion.
You had temporarily grown beastly horns and talons.
You visited 2 branches of the dungeon, and saw 5 of its levels.

You collected 246 gold pieces.
You spent 60 gold pieces at shops.
You paid 46 gold pieces to Gozag.

Inventory:

Missiles
 i - 7 boomerangs
Armour
 a - a +0 robe (worn)
Jewellery
 j - the ring "Bih Sum" (left hand) {*Corrode rF+ Will+ EV+4 Str+3}
   (You found it on level 2 of the Dungeon)

   [ring of evasion]

   EV:        It affects your evasion (+4).
   Str:       It affects your strength (+3).
   rF:        It protects you from fire.
   *Corrode:  It may corrode you when you take damage.
   Will:      It increases your willpower.
 q - a +6 ring of intelligence (right hand)
Scrolls
 c - a scroll of fear {unknown}
 d - 2 scrolls of blinking {unknown}
 e - 2 scrolls of teleportation
 f - a scroll of enchant armour {unknown}
 g - 2 scrolls of identify {unknown}
 k - a scroll of immolation {unknown}
 o - a scroll of vulnerability {unknown}
 p - a scroll of torment {unknown}
 r - a scroll of noise {unknown}
Potions
 b - 4 potions of lignification
 h - a potion of resistance {unknown}
 l - a potion of degeneration {unknown}
 m - a potion of curing {unknown}
 n - a potion of flight {unknown}


   Skills:
 - Level 0.7 Fighting
 - Level 2.6 Dodging
 - Level 2.4 Unarmed Combat
 - Level 2.6 Spellcasting
 - Level 5.0 Transmutations
 + Level 4.1 Poison Magic


You had 3 spell levels left.
You knew the following spells:

 Your Spells              Type           Power      Damage    Failure   Level
a - Beastly Appendage     Tmut           48%        N/A       1%          1
b - Wereblood             Tmut           24%        N/A       2%          2
c - Spider Form           Tmut/Pois      23%        N/A       6%          3

Your spell library contained the following spells:

 Spells                   Type           Power      Damage    Failure   Level
 Passwall                 Tmut/Erth      10%        N/A       7%          2
 Apportation              Tloc           4%         N/A       13%         1
 Sandblast                Erth           4%         2d4       13%         1
 Stone Arrow              Conj/Erth      4%         3d7       36%         3
 Ice Form                 Ice/Tmut       13%        N/A       41%         4
 Alistair's Intoxication  Tmut/Pois      15%        N/A       50%         5


Dungeon Overview and Level Annotations

Branches:
Dungeon (4/15)             Temple (1/1) D:4

Altars:
Ashenzari
Cheibriados
Elyvilon
Fedhas
Gozag
Kikubaaqudgha
Makhleb
Okawaru
Qazlal
Sif Muna
Trog
Vehumet
Wu Jian
Yredelemnul
Zin
The Shining One

Shops:
D:4 !


Innate Abilities, Weirdness & Mutations

You have temporarily grown beastly horns and talons.
You are very small and have problems with some larger weapons.
You are too small for most types of armour.
You have supernaturally acute eyesight. (SInv)
You cover ground extremely quickly. (Speed+++)


Message History

You hit the worm but do no damage. You claw the worm.
You kill the worm!
The gnoll barely misses you.
Your Poison Magic skill increases to level 4!
There is an open door here.
You see here 4 gold pieces.
Found a plate armour.
The gnoll is distracted by your dazzling golden aura.
The gnoll is no longer distracted by gold.
You hit the ball python. Your headbutt misses the ball python.
The ball python is severely wounded.
The ball python misses you. The ball python completely misses you.
You hit the ball python.
You kill the ball python!
You see here 6 gold pieces.
You closely miss the gnoll. Your kick misses the gnoll. The gnoll misses you.
You hit the gnoll but do no damage. You claw the gnoll.
The gnoll is moderately wounded.
The gnoll misses you.
You hit the gnoll. You claw the gnoll.
The gnoll is almost dead.
The gnoll completely misses you.
You hit the gnoll but do no damage.
The gnoll is almost dead.
The gnoll hits you with a +0 whip.
You hit the gnoll but do no damage. You claw the gnoll.
You kill the gnoll!
The gnoll hits you from afar with a +0 spear.
The gnoll misses you.
Your transformation is almost over.
Casting: Beastly Appendage (safe; 1% risk of failure)
Press: ? - help, Q - select action, (/) - cycle Dir - look around, f - activate You miscast Beastly Appendage.
You are very lightly contaminated with residual magic.
Nothing appears to happen.
You hit the gnoll. You claw the gnoll, but do no damage.
The gnoll is lightly wounded.
The gnoll hits you with a +0 flail!
You die...
Your body crumbles into a pile of gold.

#.#.##### #.#.....# #.##.....
#.###.... ###############
#....##.. #.............####
####.##.. #.............#..#
#..... #......≈......#..#
####.....
#...§§.≈..gg@.#..####.#####..
#..§≈..≈..≈...#.....#.### #.#
#...§§[≈..≈...#..∩..#...# #.#
#...≈≈≈≈≈§≈...#.....#.#.# #.#
#####.$.≈..≈..≈...#..##.....###..
...##...≈..≈..≈...##....<...##...
...##......≈......##.....##.##...
...'#......§......#...gg.........
...##.............##........##.#.


You could see 2 gnolls.

Vanquished Creatures
  An iguana (D:4)
  An orc wizard (D:4)
  2 gnolls (D:4)
  3 adders
  4 worms
  4 dart slugs
  8 orcs
  5 ball pythons
  3 bats
  4 endoplasms
  4 giant cockroaches
  6 hobgoblins
  3 jackals (D:1)
  4 kobolds
  5 quokkas
  3 frilled lizards
  6 goblins
  A rat (D:1)
67 creatures vanquished.

Notes
Turn   | Place    | Note
-------+----------+-------------------------------------------
     0 | D:1      | nicolae the Spriggan Transmuter began the quest for the
                  | Orb.
     0 | D:1      | Reached XP level 1. HP: 9/9 MP: 5/5
    47 | D:1      | Reached skill level 3 in Transmutations
   175 | D:1      | Reached XP level 2. HP: 7/14 MP: 4/6
   180 | D:1      | Learned a level 2 spell: Wereblood
   425 | D:1      | Reached skill level 4 in Transmutations
  1342 | D:1      | Reached XP level 3. HP: 14/17 MP: 8/8
  1431 | D:1      | Learned a level 3 spell: Spider Form
  1501 | D:2      | Reached skill level 5 in Transmutations
  1505 | D:2      | Identified the ring "Bih Sum" {*Corrode rF+ Will+ EV+4
                  | Str+3}
  1845 | D:2      | Reached skill level 1 in Poison Magic
  2780 | D:3      | Reached XP level 4. HP: 13/21 MP: 7/9
  3403 | D:3      | Found a basalt altar of Yredelemnul.
  3403 | D:3      | Found a snail-covered altar of Cheibriados.
  3438 | D:3      | Found a faded altar of an unknown god.
  3574 | D:3      | Found a white marble altar of Elyvilon.
  3848 | D:4      | Found a staircase to the Ecumenical Temple.
  3853 | Temple   | Entered the Ecumenical Temple
  4060 | Temple   | Became a worshipper of Gozag Ym Sagoz the Greedy
  4446 | D:4      | Found Onnor's Distillery.
  4450 | D:4      | Bought a potion of heal wounds for 60 gold pieces
  4461 | D:4      | Reached XP level 5. HP: 25/25 MP: 8/10
  4544 | D:4      | Found a blossoming altar of Fedhas.
  4617 | D:4      | Found a glowing golden altar of the Shining One.
  5373 | D:4      | Slain by a gnoll

Illustrated notes

Levels and vault maps discovered:
D:1:      minmay_arrival_jagged, layout_rooms
D:2:      layout_basic
D:3:      layout_loops_cross, elyvilon_altar_5,
          chequers_temple_overflow_statue_of_worship,
          ebering_ecumenical_altar_box, roderic_lattice_a
D:4:      layout_basic, fedhas_altar_fruit_tree,
          mainiacjoe_overflow_cross_hatched, temple_doors_ab, serial_shops,
          shop, kennysheep_generic_room_16
Temple:   minmay_temple_curvy_loop

Skill      XL: |  1  2  3  4  5 |
---------------+----------------+-----
Transmutations | 3 4 5 |  5.0
Poison Magic   | 2 3 4 |  4.1
Fighting       | |  0.7
Dodging        | |  2.6
Unarmed Combat | |  2.4
Spellcasting   | |  2.6

Action                   |  1- 3 |  4- 6 || total
-------------------------+-------+-------++-------
Melee: Unarmed           |   148 |   107 ||   255
       Kick              |    40 |    41 ||    81
       Headbutt          |    19 |    20 ||    39
       Punch             |     6 |       ||     6
 Cast: Beastly Appendage |    29 |    16 ||    45
       Wereblood         |     1 |     1 ||     2
  Use: Scroll            |     1 |       ||     1
       Potion            |       |     1 ||     1
 Stab: Sleeping          |     4 |       ||     4
       Distracted        |       |     1 ||     1
Armor: Robe              |    12 |     1 ||    13
Dodge: Dodged            |   115 |    98 ||   213

Table legend: (Time is in decaauts)
 A = Elapsed time spent in this place.
 B = Non-inter-level travel time spent in this place.
 C = Inter-level travel time spent in this place.
 D = Time resting spent in this place.
 E = Time spent auto-exploring this place.
 F = Levels seen in this place.
 G = Mean time per level.
                   A        B        C        D        E       F      G
               +--------+--------+--------+--------+--------+-----+--------+
         Total |   4353 |   4250 |    103 |   2181 |   1369 |   5 |  870.6 |
       Dungeon |   4206 |   4120 |     86 |   2181 |   1248 |   4 | 1051.5 |
        Temple |    147 |    131 |     16 |      0 |    120 |   1 |  147.0 |
               +--------+--------+--------+--------+--------+-----+--------+

Top non-repeatable levels by time:
     D:3: 1507 daAuts
     D:1: 1501 daAuts
     D:2: 676 daAuts
     D:4: 520 daAuts
  Temple: 147 daAuts
